 Dungeon Crawl Stone Soup version 0.19-a0-659-g8260ecf (webtiles) character file.

372 esc the Slasher (level 6, 12/53 HPs)
             Began as a Minotaur Gladiator on June 15, 2016.
             Was an Initiate of Gozag.
             Quit the game on level 4 of the Dungeon.
             The game lasted 00:15:09 (3520 turns).

esc the Slasher (Minotaur Gladiator)                Turns: 3520, Time: 00:15:09

Health: 12/53      AC:  4    Str: 19    XL:     6   Next: 43%
Magic:  5/5        EV: 14    Int:  5    God:    Gozag
Gold:   164        SH:  0    Dex: 13    Spells: 0 memorised, 5 levels left

rFire  . . .     SeeInvis .     a - +0 long sword
rCold  . . .     Gourm    .     b - +0 leather armour
rNeg   . . .     Faith    .     (no shield)
rPois  .         Spirit   .     c - +0 hat
rElec  .         Dismiss  .     (no cloak)
rCorr  .         Reflect  .     u - +0 pair of gloves
SustAt .         Harm     .     (no boots)
MR     .....                    (no amulet)
Stlth  +.........               (no ring)
                                (no ring)

@: seriously poisoned (12 -> 4), not resistant to hostile enchantments, very
unstealthy
A: retaliatory headbutt, horns 2
a: Potion Petition, Call Merchant, Bribe Branch, Renounce Religion


You were on level 4 of the Dungeon.
You worshipped Gozag.
Gozag was noncommittal.
You were hungry.

You visited 1 branch of the dungeon, and saw 4 of its levels.

You collected 216 gold pieces.
You paid 52 gold pieces to Gozag.

Inventory:

Hand Weapons
 a - a +0 long sword (weapon)
Missiles
 d - 3 throwing nets {=f, !d}
 e - 162 stones (quivered)
 t - 5 poisoned needles
Armour
 b - a +0 leather armour (worn)
 c - a +0 hat (worn)
 u - a +0 pair of gloves (worn)
   (You found it on level 3 of the Dungeon)
Wands
 h - a wand of slowing (2/48)
   (You found it on level 4 of the Dungeon)
 w - a wand of random effects (23/48)
   (You found it on level 4 of the Dungeon)
Scrolls
 g - a scroll of recharging
 k - a scroll of immolation {!r}
 n - a scroll of amnesia
 o - a scroll of fear
 s - 2 scrolls of remove curse
Comestibles
 f - 3 bread rations {@e1}
 m - a slice of pizza


   Skills:
 + Level 4.5 Fighting
 + Level 5.3 Long Blades
 - Level 2.0 Throwing
 + Level 3.8 Armour
 + Level 4.8 Dodging


You had 5 spell levels left.
You didn't know any spells.

Dungeon Overview and Level Annotations

Branches:
Dungeon (4/15)
 Temple: D:4-7

Altars:
Cheibriados
Dithmenos
Gozag
The Shining One


Innate Abilities, Weirdness & Mutations

You reflexively headbutt those who attack you in melee.
You have a pair of horns on your head.


Message History

There is an open door, spattered with blood here.
Things that are here:
a mace; a robe A phantom comes into view.
There isn't anything to butcher here.
A phantom is nearby!
You start resting.
The phantom blinks!
The phantom hits you.
You take 4 damage, and have 26/53 hp.
You slash the phantom! Your headbutt misses the phantom.
The phantom misses you. You furiously retaliate!
You headbutt the phantom! You barely miss the phantom. The phantom hits you!
The phantom blinks!
You take 7 damage, and have 19/53 hp.
There is an open door, spattered with blood here.
Things that are here:
a mace; a robe The phantom blinks!
You closely miss the phantom.
You headbutt the phantom, but do no damage.
The phantom hits you but does no damage.
You closely miss the phantom. The phantom misses you.
You closely miss the phantom. The phantom hits you!
* * * LOW HITPOINT WARNING * * *
You take 7 damage, and have 14/53 hp.
You hit the phantom. The phantom hits you.
* * * LOW HITPOINT WARNING * * *
The phantom blinks!
You take 2 damage, and have 12/53 hp.
The phantom blinks!
You start to feel less resistant.
You hit the phantom. Your headbutt misses the phantom.
The phantom closely misses you.
You closely miss the phantom. The phantom closely misses you.
You hit the phantom.
Your resistance to elements expires.
The phantom hits you!
* * * LOW HITPOINT WARNING * * *
The phantom barely misses you.
You take 8 damage, and have 6/53 hp.
You hit the phantom but do no damage. You headbutt the phantom!
The phantom blinks!
You open the door.
There is an open door here.
h - a wand of slowing An ooze comes into view.
Aim: a phantom (heavily damaged, chance to defeat MR: 34%)
The phantom seems to slow down.
Evoking this partially-identified wand wasted a few charges.
The ooze quivers.
The ooze moves out of view.
The phantom blinks!
Aim: an ooze (chance to defeat MR: 51%)
Okay, then.
Unknown command.
Aim: an ooze The ooze looks slightly unstable.
Evoking this partially-identified wand wasted a few charges.
Aim: an ooze The bolt of negative energy hits the ooze.
The ooze is drained!
You kill the ooze!
Evoking this partially-identified wand wasted a few charges.
You hit the phantom. The phantom barely misses you. You furiously retaliate!
You headbutt the phantom. You closely miss the phantom.
The phantom blinks!
There is an open door here.
Aim: a phantom (severely damaged, slow)
The phantom seems to speed up.
Evoking this partially-identified wand wasted a few charges.
The phantom blinks!
Aim: a phantom (severely damaged, fast+slow)
You hear a mighty clap of thunder!
The bolt of lightning misses the phantom.
Evoking this partially-identified wand wasted a few charges.
Aim: a phantom (severely damaged, fast+slow)
The phantom is unaffected.
Evoking this partially-identified wand wasted a few charges.
The phantom blinks!
You see here 9 gold pieces.
You now have 164 gold pieces (gained 9).
Aim: a phantom (severely damaged, fast+slow)
You hear a mighty clap of thunder!
The bolt of lightning misses the phantom.
Evoking this partially-identified wand wasted a few charges.
Aim: a phantom (severely damaged, fast+slow)
The phantom flickers and vanishes!
Deactivating autopickup; reactivate with Ctrl-A.
Evoking this partially-identified wand wasted a few charges.
You hit something. Something hits you but does no damage.
You miss something.
You swing at nothing.
A worm comes into view.
You see here a club.
A worker ant comes into view.
The worker ant bites you.
* * * LOW HITPOINT WARNING * * *
You are poisoned.
The worker ant poisons you!
Found a stone staircase leading down.
You take 2 damage, and have 12/53 hp.
You aren't carrying any potions.

...#....#..###.##.#....#**
..##....######.##.##.<...*****
........#..#.......#.....#,,,*
........'..#.......#.....#,,,*
........#..#.......#.....#,,,*
.w......#..#.......#,.>.,*,,,*
.......)############....,*,******
####....ยง........a......**+***,,,
................@.......*,,*,,,,,
........................*,,*,,,,,
.)......................*,,**,,,,
...................#####*,,**,,,,
...................+,,,,,,,+,,,,,
...##)#########....#,,,,,,,*,,,,,
...,#......#,,#....#,,,,,,,*****+
...,#....W.#,,+....#,,******,,,,,
...,########*+*,,,,****,,,,,,,,,,


You could see a worker ant.

Vanquished Creatures
  Blork the orc (D:4)
  A scorpion (D:4)
  A hound (D:4)
  An iguana (D:4)
  3 worker ants (D:4)
  4 adders
  A gnoll (D:3)
  An ooze (D:4)
  2 worms (D:2)
  2 dart slugs
  5 giant geckos
  2 orcs
  10 bats
  6 giant cockroaches
  6 goblins
  8 hobgoblins
  5 jackals (D:2)
  A quokka (D:3)
  2 giant newts
  5 kobolds
  7 rats
74 creatures vanquished.

Notes
Turn   | Place    | Note
--------------------------------------------------------------
     0 | D:1      | esc the Minotaur Gladiator began the quest for the Orb.
     0 | D:1      | Reached XP level 1. HP: 18/18 MP: 0/0
   187 | D:1      | Reached skill level 1 in Armour
   202 | D:1      | Reached XP level 2. HP: 14/25 MP: 1/1
   572 | D:2      | Reached skill level 3 in Fighting
   665 | D:2      | Reached skill level 4 in Long Blades
   717 | D:2      | Reached XP level 3. HP: 17/31 MP: 2/2
  1235 | D:2      | Reached skill level 2 in Armour
  1526 | D:3      | Reached XP level 4. HP: 37/38 MP: 3/3
  2303 | D:4      | Reached skill level 4 in Dodging
  2306 | D:4      | Reached XP level 5. HP: 29/46 MP: 4/4
  2612 | D:3      | Found a shadowy altar of Dithmenos.
  2612 | D:3      | Found an opulent altar of Gozag.
  2614 | D:3      | Reached skill level 4 in Fighting
  2617 | D:3      | Found a snail-covered altar of Cheibriados.
  2629 | D:3      | Became a worshipper of Gozag Ym Sagoz the Greedy
  2972 | D:3      | Gained mutation: Your system is resistant to poisons. (rPois) [potion of mutation]
  2972 | D:3      | Gained mutation: You are partially covered in thin metallic scales. (AC +2) [potion of mutation]
  2972 | D:3      | Gained mutation: You are partially covered in slimy green scales. (AC +2) [potion of mutation]
  3039 | D:3      | Reached skill level 3 in Armour
  3083 | D:4      | Reached skill level 5 in Long Blades
  3114 | D:4      | Found a glowing golden altar of the Shining One.
  3124 | D:4      | Reached XP level 6. HP: 29/52 MP: 5/5
  3410 | D:4      | Noticed Blork the orc
  3422 | D:4      | Lost mutation: Your system is resistant to poisons. (rPois) [potion of cure mutation]
  3422 | D:4      | Lost mutation: You are partially covered in thin metallic scales. (AC +2) [potion of cure mutation]
  3422 | D:4      | Lost mutation: You are partially covered in slimy green scales. (AC +2) [potion of cure mutation]
  3435 | D:4      | Killed Blork the orc
  3464 | D:4      | HP: 12/53 [phantom (2)]
  3473 | D:4      | HP: 6/53 [phantom (8)]
  3519 | D:4      | HP: 12/53 [worker ant (2)]
  3520 | D:4      | Quit the game

Vault maps used:
D:1:      dpeg_arrival_water_temple_mockup
D:3:      forest_paths, nicolae_overflow_hidden_temple
D:4:      kennysheep_mini_moat, uniq_blork_the_orc

Skill      XL: |  1  2  3  4  5 |
---------------+----------------+-----
Armour         | 1 2 3 |  3.8
Fighting       | 3 4 |  4.5
Long Blades    | 4 5 |  5.3
Dodging        | 4 |  4.8
Throwing       | |  2.0

Action                   |  1- 3 |  4- 6 || total
-------------------------+-------+-------++-------
Melee: Long sword        |    91 |    97 ||   188
       Headbutt          |    16 |    11 ||    27
Evoke: Wand              |       |     8 ||     8
  Use: Scroll            |     1 |     7 ||     8
       Potion            |       |     6 ||     6
 Stab: Sleeping          |       |     1 ||     1
  Eat: Chunk             |     2 |     4 ||     6
       Beef jerky        |       |     1 ||     1
Armor: Leather armour    |    23 |    18 ||    41
Dodge: Dodged            |    64 |    71 ||   135

Vault maps used:
D:1:      dpeg_arrival_water_temple_mockup
D:3:      forest_paths, nicolae_overflow_hidden_temple
D:4:      kennysheep_mini_moat, uniq_blork_the_orc

Table legend:
 A = Turns spent in this place as a percentage of turns spent in the entire game.
 B = Non-inter-level travel turns spent in this place as a percentage of non-inter-level travel turns spent in the entire game.
 C = Inter-level travel turns spent in this place as a percentage of turns spent in this place.
 D = Turns resting spent in this place as a percentage of non-inter-level travel turns spent in this place.
 E = Turns spent auto-exploring this place as a percentage of non-inter-level travel turns spent in this place.
 F = Non-inter-level travel turns spent in this place divided by the number of levels of this place that you've seen.
                   A       B       C       D       E      F
               +-------+-------+-------+-------+-------+----------------------
         Total | 100.0 | 100.0 |   0.3 |   1.9 |   8.6 | 231.8
       Dungeon | 100.0 | 100.0 |   0.3 |   1.9 |   8.6 | 231.8
               +-------+-------+-------+-------+-------+----------------------

Table legend:
 A = Kills in this place as a percentage of kills in entire the game.
 B = Kills by you in this place as a percentage of kills by you in the entire game.
 C = Kills by friends in this place as a percentage of kills by friends in the entire game.
 D = Other kills in this place as a percentage of other kills in the entire game.
 E = Experience gained in this place as a percentage of experience gained in the entire game.
 F = Experience gained in this place divided by the number of levels of this place that you have seen.
                   A       B       C       D       E      F
               +-------+-------+-------+-------+-------+----------------------
         Total | 100.0 | 100.0 |  -nan |  -nan | 100.0 | 133.0
       Dungeon | 100.0 | 100.0 |  -nan |  -nan | 100.0 | 133.0
               +-------+-------+-------+-------+-------+----------------------
